 Dungeon Sprint DCSS version 0.19-a0-747-g9c36c40 (webtiles) character file.

63980 Groucho the Phalangite (level 14, -20/152 HPs)
             Began as a Minotaur Berserker on June 24, 2016.
             Was the Champion of Trog.
             Demolished by Groucho's illusion (21 damage)
             ... woven by Mara
             ... in the Dungeon (Sprint IX: "|||||||||||||||||||||||||||||").
             The game lasted 00:21:43 (7275 turns).

Groucho the Phalangite (Minotaur Berserker)         Turns: 7275, Time: 00:21:44

Health: -20/152    AC: 29    Str: 29    XL:     14   Next: 70%
Magic:  21/21      EV: 18    Int:  4    God:    Trog [******]
Gold:   874        SH:  0    Dex: 11    Spells: 0 memorised, 13 levels left

rFire  + . .     SeeInvis +     F - +10 bardiche "Jemuss" {speed, SInv}
rCold  + . .     Gourm    .     v - +2 plate armour {rF+}
rNeg   . . .     Faith    .     (shield currently unavailable)
rPois  .         Spirit   .     y - +2 hat {SInv}
rElec  .         Dismiss  .     n - +1 cloak
rCorr  .         Reflect  .     j - +1 pair of gloves
SustAt .         Harm     .     (no boots)
MR     +....     NoTele   +     (no amulet)
Stlth  ..........               o - +3 ring of strength
                                p - ring of protection from cold

@: somewhat resistant to hostile enchantments, extremely unstealthy
A: retaliatory headbutt, fangs 1, horns 2
a: Berserk, Trog's Hand, Brothers in Arms, Burn Spellbooks, Renounce Religion


You were in the Dungeon.
You worshipped Trog.
Trog was exalted by your worship.
You were not hungry.

You visited 1 branch You collected 1903 gold pieces.
You spent 1029 gold pieces at shops.

Inventory:

Hand Weapons
 c - the +5 scythe "Finisher" {speed, Str+3}
   (Trog gifted it to you in the Dungeon)

   Attacks with this weapon are significantly faster.
   It affects your strength (+3).
 u - a +2 dire flail of crushing
 x - a +4 bardiche of venom
 F - the +10 bardiche "Jemuss" (weapon) {speed, SInv}
   (Trog gifted it to you in the Dungeon)

   Attacks with this weapon are significantly faster.
   It lets you see invisible.
Missiles
 D - 10 javelins of penetration (quivered)
Armour
 j - a +1 pair of gloves (worn)
 n - a +1 cloak (worn)
 v - a +2 plate armour of fire resistance (worn)
 y - a +2 hat of see invisible (worn)
Jewellery
 o - a +3 ring of strength (right hand)
 p - a ring of protection from cold (left hand)
Wands
 l - a wand of iceblast (5/15)
Scrolls
 i - 2 scrolls of blinking
 k - 3 scrolls of remove curse
 r - 4 scrolls of enchant weapon
 s - 2 scrolls of fog
 t - 2 scrolls of enchant armour
 w - 2 scrolls of fear
Potions
 a - a potion of cure mutation
 b - a potion of invisibility
 d - 6 potions of curing
 e - 4 potions of heal wounds
 g - 5 potions of magic
 h - a potion of berserk rage
 m - a potion of agility
 q - 2 potions of brilliance
 C - 3 potions of flight
 E - 2 potions of might
Comestibles
 z - 38 fruits
 A - 8 bread rations
 B - 11 meat rations


   Skills:
 * Level 21.7 Fighting
 * Level 21.9 Polearms
 * Level 21.7 Armour
 * Level 20.3 Dodging
 + Level 12.9 Unarmed Combat
 + Level 11.1 Evocations


You had 13 spell levels left.
You didn't know any spells.

Dungeon Overview and Level Annotations

Branches:
Dungeon (1/1)

Altars:
Cheibriados
Dithmenos
Elyvilon
Fedhas
Gozag
Hepliaklqana
Kikubaaqudgha
Makhleb
Nemelex Xobeh
Okawaru
Pakellas
Qazlal
Ru
Sif Muna
Trog
Uskayaw
Vehumet
Xom
Yredelemnul
Zin
The Shining One
Beogh
Jiyva
Lugonu

Shops:
D (((

Annotations:
D Mara


Innate Abilities, Weirdness & Mutations

You reflexively headbutt those who attack you in melee.
You have a pair of horns on your head.
You have very sharp teeth.


Message History

You slice Mara!! You headbutt Mara, but do no damage.
You bite Mara, but do no damage.
Mara is moderately wounded.
Mara blinks!
Mara gestures at you.
You struggle to resist.
Groucho's illusion misses you.
Unknown command.
You miss Mara.
Mara is moderately wounded.
Mara hits you from afar with a demon trident of electrocution.
You are electrocuted!
* * * LOW HITPOINT WARNING * * *
Mara hits you with a demon trident of electrocution!
* * * LOW HITPOINT WARNING * * *
You closely miss Mara.
Mara is moderately wounded.
Mara hits you but does no damage.
You are electrocuted!
* * * LOW HITPOINT WARNING * * *
Groucho's illusion hits you!!
You die...

▓.▓.▓.▓.▓(▓)▓)▓.
▓.▓(▓.▓.▓.▓.▓.▓.▓.
▓.▓(▓.▓÷▓.▓(▓(▓.▓.
▓.▓(▓.▓(▓.▓(▓.▓∩▓.
▓§▓(▓.▓.▓.▓)▓(▓.▓.
▓.▓)▓.▓.▓.▓)▓.▓∩▓.
▓R▓)▓.▓.▓.▓)▓.▓)▓.
▓@▓)▓.▓.▓.▓.▓.▓∩▓.
▓@▓.▓.▓.▓.▓.▓.▓.▓.
▓R▓.▓.▓.▓.▓.▓.▓!▓.
▓.▓.▓p▓.▓.▓.▓.▓.▓.
▓.▓.▓p▓.▓.▓.▓.▓.▓.
▓.▓.▓.▓'▓.▓.▓.▓.▓.
▓.▓.▓.▓.▓.▓.▓.▓.▓.
▓.▓.▓.▓.▓.▓.▓.▓.▓.
▓.▓'▓.▓.▓.▓'▓.▓'▓.
▓.▓.▓.▓.▓.▓.▓.▓.▓.


You could see 2 Maras and Groucho's illusion.

Vanquished Creatures
  A sphinx (D)
  Agnes (D)
  Kirke (D)
  Gastronok (D)
  A frost giant (D)
  A fire giant (D)
  Maud (D)
  A vault warden (D)
  2 ironheart preservers (D)
  2 very ugly things (D)
  5 stone giants (D)
  2 ettins (D)
  2 yaktaur captains (D)
  Erolcha (D)
  3 ice dragons (D)
  Harold (D)
  A hydra (D)
  A centaur warrior (D)
  A merfolk aquamancer (D)
  A deep troll earth mage (D)
  Urug (D)
  3 orc high priests (D)
  2 naga sharpshooters (D)
  A sea snake (D)
  An ironbrand convoker (D)
  A deep elf archer (D)
  2 giant orange brains (D)
  2 hill giants (D)
  2 orb spiders (D)
  2 mana vipers (D)
  11 orc knights (D)
  A hornet (D)
  2 cyclopes (D)
  2 griffons (D)
  2 naga magi (D)
  2 black mambas (D)
  Joseph (D)
  8 elephants (D)
  2 spiny frogs (D)
  A water nymph (D)
  2 torpor snails (D)
  3 komodo dragons (D)
  A demonic crawler (D)
  A freezing wraith (D)
  A yaktaur (D)
  A tengu conjurer (D)
  2 efreet (D)
  A merfolk (D)
  2 trolls (D)
  A jumping spider (D)
  A two-headed ogre (D)
  A two-headed ogre (shapeshifter) (D)
  2 slime creatures (D)
  A bog body (D)
  A blink frog (D)
  2 giant leeches (D)
  A water elemental (D)
  A tarantella (D)
  3 redbacks (D)
  A spriggan (D)
  A wraith (D)
  A yak (shapeshifter) (D)
  A wyvern (D)
  2 yaks (D)
  2 basilisks (D)
  A vampire mosquito (D)
  An insubstantial wisp (D)
  A water moccasin (D)
  A porcupine (D)
  8 orc warriors (D)
  A wasp (D)
  A phantom (D)
  2 ogres (D)
  A boggart (shapeshifter) (D)
  5 giant frogs (D)
  A killer bee (D)
  A crimson imp (D)
  2 orc priests (D)
  4 orc wizards (D)
  An iguana (D)
  An adder (D)
  An adder zombie (D)
  A dart slug (D)
  An adder simulacrum (D)
  10 orcs (D)
  A giant cockroach (D)
  A goblin (D)
  2 jackals (D)
  A bat (D)
  2 giant cockroach zombies (D)
167 creatures vanquished.

Vanquished Creatures (collateral kills)
  A frost giant (D)
  A very ugly thing (D)
  A rakshasa (D)
  A hydra (D)
  2 ogre magi (D)
  An orc high priest (D)
  An ugly thing (D)
  3 orc knights (D)
  A naga mage (D)
  A water nymph (D)
  A black mamba (D)
  A blink frog (D)
  A merfolk (D)
  A snapping turtle (D)
  2 water elementals (D)
19 creatures vanquished.

Vanquished Creatures (others)
  A necromancer (D)
  A guardian serpent (D)
2 creatures vanquished.

Grand Total: 188 creatures vanquished

Notes
Turn   | Place    | Note
--------------------------------------------------------------
     0 | D        | Groucho the Minotaur Berserker began the quest for the Orb.
     0 | D        | Reached XP level 1. HP: 19/19 MP: 0/0
    10 | D        | Reached ** piety under Trog
    22 | D        | Noticed a crimson imp
    38 | D        | Killed a crimson imp
    38 | D        | Reached *** piety under Trog
    38 | D        | Reached skill level 5 in Fighting
    38 | D        | Reached skill level 5 in Polearms
    38 | D        | Reached XP level 2. HP: 14/29 MP: 1/1
    38 | D        | Reached XP level 3. HP: 18/36 MP: 2/2
   362 | D        | Found a glowing silver altar of Zin.
   362 | D        | Found a glowing golden altar of the Shining One.
   362 | D        | Found an ancient bone altar of Kikubaaqudgha.
   362 | D        | Found a basalt altar of Yredelemnul.
   362 | D        | Found a shimmering altar of Xom.
   362 | D        | Found a radiant altar of Vehumet.
   363 | D        | Found an iron altar of Okawaru.
   364 | D        | Found a burning altar of Makhleb.
   365 | D        | Found a deep blue altar of Sif Muna.
   366 | D        | Found a bloodstained altar of Trog.
   367 | D        | Found a sparkling altar of Nemelex Xobeh.
   368 | D        | Found a white marble altar of Elyvilon.
   369 | D        | Found a roughly hewn altar of Beogh.
   370 | D        | Found a viscous altar of Jiyva.
   371 | D        | Found a corrupted altar of Lugonu.
   372 | D        | Found a blossoming altar of Fedhas.
   373 | D        | Found a snail-covered altar of Cheibriados.
   374 | D        | Found a shadowy altar of Dithmenos.
   375 | D        | Found a stormy altar of Qazlal.
   376 | D        | Found an opulent altar of Gozag.
   377 | D        | Found a sacrificial altar of Ru.
   378 | D        | Found an oddly glowing altar of Pakellas.
   379 | D        | Found a hide-covered altar of Uskayaw.
   380 | D        | Found a hazy altar of Hepliaklqana.
   427 | D        | Noticed a phantom
   427 | D        | Noticed a troll
   427 | D        | Noticed an ogre
   427 | D        | Noticed an ogre
   427 | D        | Noticed a troll
   431 | D        | Killed a phantom
   431 | D        | Reached skill level 5 in Dodging
   431 | D        | Reached XP level 4. HP: 38/45 MP: 3/3
   431 | D        | Reached XP level 5. HP: 43/51 MP: 4/4
   437 | D        | Killed a troll
   437 | D        | Reached **** piety under Trog
   437 | D        | Reached XP level 6. HP: 14/62 MP: 5/5
   443 | D        | Reached XP level 7. HP: 14/70 MP: 6/6
   448 | D        | Killed a troll
   448 | D        | Reached ***** piety under Trog
   448 | D        | Reached skill level 10 in Fighting
   448 | D        | Reached skill level 10 in Polearms
   448 | D        | Reached skill level 10 in Armour
   886 | D        | Noticed a cyclops
   886 | D        | Noticed a slime creature
   886 | D        | Noticed an efreet
   886 | D        | Noticed an efreet
   891 | D        | Killed a cyclops
   891 | D        | Reached skill level 10 in Dodging
   891 | D        | Reached XP level 8. HP: 82/82 MP: 7/7
   894 | D        | Killed a slime creature
   896 | D        | Killed an efreet
   902 | D        | Killed an efreet
   902 | D        | Received a gift from Trog
  1067 | D        | Noticed a komodo dragon
  1067 | D        | Noticed a blink frog
  1075 | D        | Killed a komodo dragon
  1075 | D        | Reached XP level 9. HP: 69/91 MP: 8/8
  1084 | D        | Received a gift from Trog
  1098 | D        | Reached ****** piety under Trog
  1109 | D        | Got a shimmering trident {god gift}
  1110 | D        | Identified the +7 trident "Cerr" {pierce, rN+} (Trog gifted it to you in the Dungeon)
  1170 | D        | Noticed a black mamba
  1170 | D        | Noticed a spiny frog
  1170 | D        | Noticed a seven-headed hydra
  1173 | D        | Noticed a komodo dragon
  1176 | D        | Noticed a torpor snail
  1753 | D        | Killed a nine-headed hydra
  1753 | D        | Reached skill level 1 in Unarmed Combat
  1757 | D        | Killed a black mamba
  1757 | D        | Reached skill level 1 in Evocations
  1761 | D        | Killed a spiny frog
  1765 | D        | Received a gift from Trog
  1768 | D        | Reached XP level 10. HP: 40/102 MP: 8/10
  1788 | D        | Killed a torpor snail
  2160 | D        | Noticed an elephant
  2160 | D        | Noticed an elephant
  2160 | D        | Noticed an elephant
  2160 | D        | Noticed an elephant
  2160 | D        | Noticed an elephant
  2160 | D        | Noticed an elephant
  2163 | D        | Killed an elephant
  2166 | D        | Killed an elephant
  2169 | D        | Killed an elephant
  2169 | D        | Received a gift from Trog
  2174 | D        | Killed an elephant
  2180 | D        | Killed an elephant
  2182 | D        | Killed an elephant
  2182 | D        | Received a gift from Trog
  2182 | D        | Reached skill level 15 in Polearms
  2186 | D        | Noticed an elephant
  2190 | D        | Killed an elephant
  2190 | D        | Reached skill level 15 in Fighting
  2192 | D        | Noticed an elephant
  2200 | D        | Killed an elephant
  2200 | D        | Reached skill level 15 in Armour
  2200 | D        | Reached skill level 5 in Unarmed Combat
  2262 | D        | Noticed Harold
  2266 | D        | Noticed Joseph
  2269 | D        | Killed Harold
  2269 | D        | Reached XP level 11. HP: 112/112 MP: 13/13
  2277 | D        | Killed Joseph
  2295 | D        | Noticed Gastronok
  2307 | D        | Killed Gastronok
  2307 | D        | Received a gift from Trog
  2307 | D        | Reached skill level 5 in Evocations
  2355 | D        | Received a gift from Trog
  2369 | D        | Received a gift from Trog
  2410 | D        | Noticed an orc knight
  2412 | D        | Noticed an orc knight
  2415 | D        | Killed an orc knight
  2425 | D        | Killed an orc knight
  2432 | D        | Received a gift from Trog
  2456 | D        | Received a gift from Trog
  2904 | D        | Found Qowuotwu's Antique Weapon Emporium.
  2904 | D        | Noticed an orc knight
  2904 | D        | Noticed an orc knight
  2904 | D        | Noticed an orc high priest
  2904 | D        | Noticed an orc knight
  2904 | D        | Noticed an orc knight
  2906 | D        | Noticed an orc knight
  2914 | D        | Killed an orc knight
  2914 | D        | Reached skill level 15 in Dodging
  2919 | D        | Killed an orc knight
  2926 | D        | Killed an orc high priest
  2932 | D        | Killed an orc knight
  2934 | D        | Noticed an orc high priest
  2939 | D        | Killed an orc knight
  2942 | D        | Killed an orc knight
  2944 | D        | Killed an orc high priest
  2946 | D        | Noticed an orc knight
  2947 | D        | Killed an orc knight
  3591 | D        | Found Fouppirph's Antique Weapon Shoppe.
  3595 | D        | Found Cuxelej's Weapon Emporium.
  3599 | D        | Found Buademus's Distillery.
  3601 | D        | Noticed an orc knight
  3602 | D        | Noticed an orc high priest
  3603 | D        | Noticed an orc high priest
  3607 | D        | Noticed an orc knight
  3609 | D        | Killed an orc knight
  3609 | D        | Received a gift from Trog
  3617 | D        | Killed an orc high priest
  3617 | D        | Reached XP level 12. HP: 103/124 MP: 15/15
  3624 | D        | Killed an orc high priest
  3670 | D        | Bought a potion of heal wounds for 70 gold pieces
  3670 | D        | Bought a potion of agility for 56 gold pieces
  3670 | D        | Bought a potion of degeneration for 14 gold pieces
  3670 | D        | Bought a potion of curing for 42 gold pieces
  3670 | D        | Bought a potion of curing for 42 gold pieces
  3670 | D        | Bought a potion of mutation for 35 gold pieces
  3670 | D        | Bought 2 potions of flight for 84 gold pieces
  3670 | D        | Bought a potion of beneficial mutation for 490 gold pieces
  3670 | D        | Bought a potion of flight for 42 gold pieces
  3670 | D        | Bought a potion of might for 56 gold pieces
  3670 | D        | Bought a potion of curing for 42 gold pieces
  3670 | D        | Bought a potion of degeneration for 14 gold pieces
  3670 | D        | Bought a potion of lignification for 42 gold pieces
  3674 | D        | Gained mutation: Armour fits poorly on your strangely shaped body. [potion of mutation]
  3674 | D        | Gained mutation: You are frail. (-10% HP) [potion of mutation]
  3674 | D        | Gained mutation: You are dopey. (Int -2) [potion of mutation]
  3675 | D        | Lost mutation: You are dopey. (Int -2) [potion of cure mutation]
  3675 | D        | Lost mutation: You are frail. (-10% HP) [potion of cure mutation]
  3675 | D        | Lost mutation: Armour fits poorly on your strangely shaped body. [potion of cure mutation]
  3676 | D        | Gained mutation: You have very sharp teeth. [potion of beneficial mutation]
  3883 | D        | Noticed Urug
  3885 | D        | Noticed Erolcha
  3894 | D        | Killed Urug
  3903 | D        | Killed Erolcha
  3903 | D        | Received a gift from Trog
  4062 | D        | Received a gift from Trog
  4067 | D        | Noticed a stone giant
  4075 | D        | Noticed a purple very ugly thing
  4076 | D        | Noticed an ogre mage
  4077 | D        | Noticed a frost giant
  4078 | D        | Noticed a rakshasa
  4081 | D        | Killed a stone giant
  4081 | D        | Received a gift from Trog
  4083 | D        | Noticed an ogre mage
  4086 | D        | Killed a purple very ugly thing
  4091 | D        | Killed a frost giant
  4093 | D        | Killed an ogre mage
  4097 | D        | Killed a rakshasa
  4100 | D        | Noticed an ogre mage
  4101 | D        | Killed an ogre mage
  4101 | D        | Received a gift from Trog
  4104 | D        | Got a crystal bardiche {god gift}
  4614 | D        | Identified the +10 bardiche "Jemuss" {speed, SInv} (Trog gifted it to you in the Dungeon)
  4703 | D        | Noticed Agnes
  4711 | D        | Killed Agnes
  4741 | D        | Noticed a four-headed hydra
  4747 | D        | Received a gift from Trog
  4754 | D        | Killed a seven-headed hydra
  4754 | D        | Reached XP level 13. HP: 88/136 MP: 16/18
  4760 | D        | Received a gift from Trog
  5017 | D        | Reached skill level 10 in Unarmed Combat
  5028 | D        | Received a gift from Trog
  5455 | D        | Received a gift from Trog
  5471 | D        | Received a gift from Trog
  5511 | D        | Received a gift from Trog
  5752 | D        | Noticed Maud
  5763 | D        | Killed Maud
  5780 | D        | Noticed Kirke
  5793 | D        | Killed Kirke
  5793 | D        | Received a gift from Trog
  5879 | D        | Noticed a frost giant
  5879 | D        | Noticed an ettin
  5879 | D        | Noticed a stone giant
  5883 | D        | Killed a frost giant
  5883 | D        | Received a gift from Trog
  5889 | D        | Killed a stone giant
  5894 | D        | Killed an ettin
  5897 | D        | Received a gift from Trog
  5898 | D        | Noticed a cyan very ugly thing
  5900 | D        | Noticed a stone giant
  5918 | D        | Killed a cyan very ugly thing
  5926 | D        | Killed a stone giant
  5929 | D        | Received a gift from Trog
  5938 | D        | Reached XP level 14. HP: 10/149 MP: 20/20
  5971 | D        | Reached skill level 10 in Evocations
  6209 | D        | Noticed a green very ugly thing
  6217 | D        | Killed a green very ugly thing
  6220 | D        | Received a gift from Trog
  6384 | D        | Noticed a vault warden
  6384 | D        | Noticed an ironheart preserver
  6391 | D        | Killed a vault warden
  6395 | D        | Killed an ironheart preserver
  6396 | D        | Received a gift from Trog
  6404 | D        | Noticed a sphinx
  6419 | D        | Killed a sphinx
  6419 | D        | Received a gift from Trog
  6430 | D        | Noticed an ironheart preserver
  6438 | D        | Noticed a stone giant
  6446 | D        | Killed an ironheart preserver
  6446 | D        | Received a gift from Trog
  6450 | D        | Killed a stone giant
  6721 | D        | Received a gift from Trog
  6746 | D        | Noticed a stone giant
  6746 | D        | Noticed a fire giant
  6753 | D        | Killed a stone giant
  6760 | D        | Killed a fire giant
  6772 | D        | Received a gift from Trog
  7256 | D        | Noticed Mara
  7262 | D        | Noticed Groucho's illusion
  7275 | D        | HP: 1/152 [Mara/demon trident of electrocution (19)]
  7275 | D        | Demolished by Groucho's illusion

Vault maps used:
D:        linesprint

Skill      XL: |  1  2  3  4  5  6  7  8  9 10 11 12 13 14 |
---------------+-------------------------------------------+-----
Polearms       | 5 7 9 11 12 13 15 17 18 20 21 | 21.9
Armour         | 4 6 8 9 10 12 13 15 16 18 20 21 | 21.7
Fighting       | 5 6 8 9 11 12 13 15 16 18 20 21 | 21.7
Dodging        | 4 5 7 8 10 11 12 14 15 17 18 20 | 20.3
Unarmed Combat | 2 5 7 9 11 12 | 12.9
Evocations     | 2 4 6 8 9 11 | 11.1

Action                   |  1- 3 |  4- 6 |  7- 9 | 10-12 | 13-15 || total
-------------------------+-------+-------+-------+-------+-------++-------
Melee: Spear             |    47 |       |       |       |       ||    47
       Headbutt          |     7 |     2 |    14 |    66 |    57 ||   146
       Halberd           |     4 |     8 |    21 |       |       ||    33
       Scythe            |       |       |    45 |   217 |       ||   262
       Bardiche          |       |       |       |    22 |   258 ||   280
       Bite              |       |       |       |     6 |    29 ||    35
Invok: Trog's Hand       |       |     1 |     1 |     2 |     7 ||    11
       Berserk           |       |     1 |     1 |     1 |     1 ||     4
       Brothers in Arms  |       |       |     1 |     3 |     3 ||     7
Evoke: Wand              |       |       |       |       |     2 ||     2
  Use: Potion            |       |     1 |       |     3 |    10 ||    14
       Scroll            |       |       |     1 |       |     1 ||     2
  Eat: Bread ration      |       |       |     1 |     3 |     1 ||     5
       Chunk             |       |       |       |     4 |       ||     4
       Fruit             |       |       |       |     2 |       ||     2
       Meat ration       |       |       |       |       |     1 ||     1
Armor: Animal skin       |    12 |       |       |       |       ||    12
       Scale mail        |     1 |     1 |    22 |    31 |       ||    55
       Plate armour      |       |       |       |     6 |    63 ||    69
Dodge: Dodged            |    30 |    10 |    54 |    74 |    94 ||   262
